2528 views
Uploaded 2022-08-23 15:48:07
Game version 1.32 / 1.32.1
10:56 long 3on3 ladder game on (6)RollingHills
Saved by KaStoR
2528 views
Uploaded 2022-08-23 15:48:07
Game version 1.32 / 1.32.1
10:56 long 3on3 ladder game on (6)RollingHills


/ 0.4k
36 buildings @ 4.9k
/ 1.4k

| Wisp | 10 | 600 | / | 0 |
| Archer | 15 | 1950 | / | 150 |
| Huntress | 5 | 975 | / | 100 |
| total: | 30 | 3525g | / | 250w |
| Altar of Elders | 1 | 180 | / | 50 |
| Moon Well | 5 | 900 | / | 200 |
| Ancient of War | 2 | 300 | / | 120 |
| Hunter's Hall | 1 | 210 | / | 100 |
| Tree of Ages | 1 | 320 | / | 180 |
| total: | 9 | 1590g | / | 470w |
| 0:03 | Wisp |
| 0:03 | Wisp |
| 0:12 | Altar of Elders |
| 0:24 | Moon Well |
| 0:32 | Wisp |
| 0:32 | Wisp |
| 0:43 | Ancient of War |
| 0:49 | Wisp |
| 0:50 | Wisp |
| 1:09 | Wisp |
| 1:24 | Wisp |
| 1:31 | Moon Well |
| 1:57 | Ancient of War |
| 2:07 | Wisp |
| 2:15 | Moon Well |
| 2:19 | Entangling Roots |
| 2:25 | Archer |
| 2:36 | Wisp |
| 2:43 | Archer |
| 2:59 | Archer |
| 3:13 | Archer |
| 3:17 | Archer |
| 3:36 | Archer |
| 3:38 | Archer |
| 3:54 | Moon Well |
| 4:06 | Archer |
| 4:21 | Archer |
| 4:21 | Archer |
| 4:32 | Archer |
| 4:53 | Archer |
| 5:40 | Archer |
| 5:40 | Archer |
| 5:56 | Thorns Aura |
| 6:11 | Archer |
| 6:17 | Hunter's Hall |
| 7:16 | Tree of Ages |
| 7:34 | Thorns Aura |
| 8:22 | Sentinel |
| 8:25 | Strength of the Moon |
| 8:29 | Huntress |
| 8:59 | Huntress |
| 9:07 | Moon Well |
| 9:37 | Improved Strength of the Moon |
| 10:06 | Huntress |
| 10:07 | Moon Glaive |
| 10:31 | Entangling Roots |
| 10:39 | Huntress |
| 10:40 | Huntress |
| Right click | 779 |
| Select group | 202 |
| Select | 140 |
| Chat | 96 |
| Build/train/purchase | 45 |
| Assign group | 22 |
| Use ability | 14 |
| Misc. action | 1 |
| Minimap ping | 1 |

| Peasant | 9 | 675 | / | 0 |
| Footman | 16 | 2160 | / | 0 |
| total: | 25 | 2835g | / | 0w |
| Scout Tower | 2 | 60 | / | 40 |
| Guard Tower | 1 | 70 | / | 50 |
| Altar of Kings | 1 | 180 | / | 50 |
| Farm | 9 | 720 | / | 180 |
| Barracks | 2 | 320 | / | 120 |
| Lumber Mill | 1 | 120 | / | 0 |
| Arcane Vault | 1 | 130 | / | 30 |
| Blacksmith | 1 | 140 | / | 60 |
| Keep | 1 | 320 | / | 210 |
| total: | 17 | 1670g | / | 480w |
| 0:03 | Peasant |
| 0:03 | Peasant |
| 0:04 | Peasant |
| 0:20 | Altar of Kings |
| 0:25 | Peasant |
| 0:29 | Farm |
| 0:48 | Barracks |
| 0:50 | Peasant |
| 0:58 | Peasant |
| 1:09 | Farm |
| 1:11 | Peasant |
| 1:32 | Farm |
| 1:34 | Peasant |
| 1:46 | Scout Tower |
| 1:53 | Footman |
| 1:57 | Scout Tower |
| 2:05 | Peasant |
| 2:13 | Farm |
| 2:25 | Footman |
| 2:28 | Storm Bolt |
| 2:47 | Lumber Mill |
| 2:49 | Footman |
| 3:09 | Footman |
| 3:17 | Arcane Vault |
| 3:30 | Footman |
| 3:52 | Footman |
| 4:14 | Farm |
| 4:15 | Guard Tower |
| 4:17 | Footman |
| 4:31 | Defend |
| 4:58 | Barracks |
| 5:00 | Footman |
| 6:03 | Footman |
| 6:04 | Footman |
| 6:06 | Footman |
| 6:07 | Footman |
| 6:42 | Footman |
| 6:45 | Thunder Clap |
| 6:56 | Farm |
| 6:59 | Blacksmith |
| 7:22 | Footman |
| 7:26 | Farm |
| 7:27 | Improved Masonry |
| 8:12 | Black Gunpowder |
| 8:14 | Iron Forged Swords |
| 8:14 | Iron Plating |
| 8:15 | Footman |
| 8:18 | Storm Bolt |
| 9:08 | Footman |
| 9:11 | Keep |
| 10:17 | Farm |
| 10:21 | Farm |
| Right click | 498 |
| Select | 145 |
| Select group | 91 |
| Build/train/purchase | 43 |
| Assign group | 8 |
| Use ability | 7 |
| Chat | 3 |
| Remove unit | 1 |

| Wisp | 12 | 720 | / | 0 |
| Archer | 6 | 780 | / | 60 |
| Glaive Thrower | 2 | 420 | / | 130 |
| total: | 20 | 1920g | / | 190w |
| Altar of Elders | 1 | 180 | / | 50 |
| Moon Well | 5 | 900 | / | 200 |
| Ancient of War | 2 | 300 | / | 120 |
| Ancient of Wonders | 1 | 90 | / | 30 |
| Hunter's Hall | 1 | 210 | / | 100 |
| Tree of Ages | 1 | 320 | / | 180 |
| Tree of Eternity | 1 | 330 | / | 200 |
| total: | 10 | 1680g | / | 500w |
| 0:01 | Wisp |
| 0:01 | Wisp |
| 0:05 | Altar of Elders |
| 0:18 | Moon Well |
| 0:34 | Moon Well |
| 0:36 | Wisp |
| 0:40 | Wisp |
| 0:52 | Wisp |
| 1:20 | Wisp |
| 1:20 | Wisp |
| 1:31 | Ancient of War |
| 1:49 | Ancient of War |
| 2:03 | Moon Well |
| 2:15 | Ancient of Wonders |
| 2:19 | Trueshot Aura |
| 2:27 | Wisp |
| 2:52 | Archer |
| 2:53 | Archer |
| 3:04 | Wisp |
| 3:04 | Wisp |
| 3:11 | Archer |
| 3:26 | Archer |
| 3:38 | Archer |
| 4:13 | Hunter's Hall |
| 4:32 | Tree of Ages |
| 5:58 | Searing Arrows |
| 6:12 | Glaive Thrower |
| 6:13 | Glaive Thrower |
| 6:37 | Moon Armor |
| 6:57 | Wisp |
| 6:57 | Wisp |
| 7:19 | Moon Well |
| 7:51 | Trueshot Aura |
| 7:58 | Vorpal Blades |
| 8:03 | Archer |
| 8:03 | Improved Bows |
| 8:09 | Moon Well |
| 8:52 | Tree of Eternity |
| 9:32 | Strength of the Moon |
| 10:55 | Searing Arrows |
| Right click | 155 |
| Select | 147 |
| Select group | 97 |
| Misc. action | 85 |
| Build/train/purchase | 41 |
| Assign group | 11 |
73 units @ 8.8k
/ 0.4k
32 buildings @ 4.2k
/ 1.2k

| Acolyte | 3 | 225 | / | 0 |
| Ghoul | 12 | 1440 | / | 0 |
| Crypt Fiend | 2 | 430 | / | 80 |
| total: | 17 | 2095g | / | 80w |
| Spirit Tower | 2 | 290 | / | 80 |
| Crypt | 2 | 400 | / | 100 |
| Altar of Darkness | 1 | 180 | / | 50 |
| Ziggurat | 4 | 600 | / | 200 |
| Graveyard | 1 | 215 | / | 0 |
| total: | 8 | 1395g | / | 350w |
| 0:10 | Crypt |
| 0:12 | Altar of Darkness |
| 0:14 | Ziggurat |
| 0:30 | Acolyte |
| 0:51 | Acolyte |
| 1:24 | Ghoul |
| 1:26 | Ghoul |
| 1:33 | Ziggurat |
| 1:40 | Acolyte |
| 1:48 | Cannibalize |
| 2:05 | Graveyard |
| 2:17 | Ghoul |
| 2:32 | Ziggurat |
| 2:39 | Unholy Aura |
| 2:46 | Ghoul |
| 3:03 | Ghoul |
| 3:39 | Crypt Fiend |
| 3:39 | Crypt Fiend |
| 3:50 | Unholy Strength |
| 4:55 | Ghoul |
| 4:55 | Ghoul |
| 4:56 | Ghoul |
| 4:56 | Ghoul |
| 4:56 | Ghoul |
| 5:56 | Death Coil |
| 6:07 | Ghoul |
| 6:08 | Ghoul |
| 6:18 | Crypt |
| 6:21 | Unholy Armor |
| 6:30 | Ziggurat |
| 6:44 | Spirit Tower |
| 6:58 | Spirit Tower |
| Right click | 126 |
| Select | 74 |
| Build/train/purchase | 25 |
| Select group | 9 |
| Misc. action | 5 |
| Assign group | 3 |
| Use ability | 1 |

| Wisp | 7 | 420 | / | 0 |
| Archer | 8 | 1040 | / | 80 |
| total: | 15 | 1460g | / | 80w |
| Altar of Elders | 1 | 180 | / | 50 |
| Moon Well | 4 | 720 | / | 160 |
| Ancient of War | 2 | 300 | / | 120 |
| Tree of Ages | 1 | 320 | / | 180 |
| total: | 7 | 1200g | / | 330w |
| 0:12 | Altar of Elders |
| 0:17 | Moon Well |
| 0:19 | Wisp |
| 0:19 | Wisp |
| 0:19 | Wisp |
| 0:46 | Wisp |
| 1:17 | Ancient of War |
| 1:20 | Ancient of War |
| 1:30 | Wisp |
| 1:30 | Wisp |
| 1:38 | Moon Well |
| 1:53 | Wisp |
| 2:22 | Archer |
| 2:22 | Archer |
| 2:24 | Archer |
| 2:39 | Moon Well |
| 2:44 | Trueshot Aura |
| 2:58 | Archer |
| 3:16 | Tree of Ages |
| 3:41 | Moon Well |
| 4:28 | Archer |
| 4:29 | Archer |
| 4:55 | Archer |
| 4:55 | Archer |
| Right click | 205 |
| Select | 87 |
| Build/train/purchase | 19 |
| Minimap ping | 9 |
| Resource trade | 7 |
| Select group | 5 |
| Misc. action | 3 |
| Assign group | 2 |
| Use ability | 1 |

| Lesser Clarity Potion | 1 | 70 |
| Scroll of Regeneration | 1 | 100 |
| total: | 2 | 170g |
| Peasant | 14 | 1050 | / | 0 |
| Footman | 19 | 2565 | / | 0 |
| Rifleman | 8 | 1640 | / | 240 |
| total: | 41 | 5255g | / | 240w |
| Scout Tower | 4 | 120 | / | 80 |
| Arcane Tower | 2 | 140 | / | 100 |
| Altar of Kings | 1 | 180 | / | 50 |
| Farm | 7 | 560 | / | 140 |
| Barracks | 2 | 320 | / | 120 |
| Blacksmith | 1 | 140 | / | 60 |
| Arcane Vault | 1 | 130 | / | 30 |
| Lumber Mill | 1 | 120 | / | 0 |
| Keep | 1 | 320 | / | 210 |
| total: | 17 | 1570g | / | 480w |
| 0:09 | Peasant |
| 0:10 | Peasant |
| 0:15 | Peasant |
| 0:16 | Peasant |
| 0:16 | Peasant |
| 0:16 | Peasant |
| 0:17 | Peasant |
| 0:52 | Altar of Kings |
| 0:58 | Farm |
| 1:47 | Barracks |
| 1:54 | Barracks |
| 2:31 | Peasant |
| 2:31 | Peasant |
| 2:31 | Peasant |
| 2:33 | Peasant |
| 2:33 | Peasant |
| 2:33 | Peasant |
| 2:33 | Peasant |
| 2:46 | Farm |
| 3:19 | Flame Strike |
| 3:22 | Footman |
| 3:22 | Footman |
| 3:22 | Footman |
| 3:22 | Footman |
| 3:23 | Footman |
| 3:23 | Footman |
| 3:23 | Footman |
| 3:53 | Scout Tower |
| 4:04 | Farm |
| 4:07 | Farm |
| 4:17 | Farm |
| 4:48 | Scout Tower |
| 4:59 | Defend |
| 6:35 | Farm |
| 6:39 | Farm |
| 6:53 | Blacksmith |
| 7:04 | Arcane Vault |
| 7:09 | Keep |
| 7:10 | Footman |
| 7:10 | Footman |
| 7:11 | Footman |
| 7:11 | Footman |
| 7:11 | Footman |
| 7:45 | Arcane Tower |
| 7:57 | Rifleman |
| 7:57 | Rifleman |
| 7:58 | Rifleman |
| 7:58 | Rifleman |
| 8:28 | Lesser Clarity Potion |
| 8:29 | Scroll of Regeneration |
| 8:39 | Scout Tower |
| 8:53 | Rifleman |
| 8:53 | Rifleman |
| 8:53 | Rifleman |
| 8:53 | Rifleman |
| 9:09 | Lumber Mill |
| 9:17 | Scout Tower |
| 10:08 | Arcane Tower |
| 10:25 | Footman |
| 10:25 | Footman |
| 10:25 | Footman |
| 10:25 | Footman |
| 10:25 | Footman |
| 10:25 | Footman |
| 10:25 | Footman |
| Right click | 126 |
| Select | 83 |
| Build/train/purchase | 53 |
| Misc. action | 30 |
| Use ability | 5 |